 Seeded DCSS version 0.27-a0-1200-g94dc6ad4cf (webtiles) character file.

Game seed: 1482225061180600175 (custom seed)

62 flotson the Covert (level 4, 0/41 HPs)
             Began as a Gnoll Delver on May 31, 2021.
             Slain by a river rat (8 damage)
             ... in a sewer.
             The game lasted 00:01:51 (504 turns).

flotson the Covert (Gnoll Delver)                    Turns: 504, Time: 00:01:52

Health: 0/41       AC:  6    Str: 12    XL:     4   Next: 8%
Magic:  5/5        EV: 10    Int:  9    God:
Gold:   7          SH:  0    Dex: 14    Spells: 5/5 levels left

rFire    . . .     SeeInvis .   a - +0 spear
rCold    . . .     Faith    .   (no shield)
rNeg     . . .     Spirit   .   i - +0 scale mail
rPois    .         Reflect  .   (no helmet)
rElec    .         Harm     .   (no cloak)
rCorr    .         Rampage  .   (no gloves)
Will     .....                  (no boots)
Stlth    +++.......             (no amulet)
HPRegen  0.13/turn              (no ring)
MPRegen  0.09/turn              (no ring)

@: hasted, very quick
A: fangs 1, strong nose, distributed training
a: no special abilities


You were in a sewer.
You visited 1 branch of the dungeon, and saw 2 of its levels.
You also visited: Sewer.

You collected 7 gold pieces.

Inventory:

Hand Weapons
 a - a +0 spear (weapon)
Armour
 i - a +0 scale mail (worn)
Wands
 g - a wand of digging (2)
Scrolls
 b - a scroll of enchant armour {unknown}
 c - a scroll of fog
 e - a scroll of fear
Potions
 h - a potion of berserk rage {unknown}


   Skills:
 + Level 6.5 Fighting
 + Level 1.0 Short Blades
 + Level 1.0 Long Blades
 + Level 1.0 Axes
 + Level 1.0 Maces & Flails
 + Level 4.6 Polearms
 + Level 1.0 Staves
 + Level 1.0 Slings
 + Level 1.0 Bows
 + Level 1.0 Crossbows
 + Level 1.0 Throwing
 + Level 1.0 Armour
 + Level 4.6 Dodging
 + Level 9.5 Stealth
 + Level 1.0 Shields
 + Level 1.0 Unarmed Combat
 + Level 1.0 Spellcasting
 + Level 0.7 Conjurations
 + Level 0.7 Hexes
 + Level 0.7 Summonings
 + Level 0.7 Necromancy
 + Level 0.7 Translocations
 + Level 0.7 Transmutations
 + Level 0.7 Fire Magic
 + Level 0.7 Ice Magic
 + Level 0.7 Air Magic
 + Level 0.7 Earth Magic
 + Level 0.7 Poison Magic
 + Level 1.1 Invocations
 + Level 1.0 Evocations


You had 5 spell levels left.
You didn't know any spells.
Your spell library was empty.

Dungeon Overview and Level Annotations

Branches:
Dungeon (5/15)              Sewer (1/1)
 Temple: D:4-7

Altars:


Innate Abilities, Weirdness & Mutations

You have very sharp teeth.
Your uncanny sense of smell can sniff out nearby items.
Your experience applies equally to all skills.


Message History

You hit the river rat but do no damage.
The river rat is almost dead.
The river rat bites you but does no damage.
You barely miss the river rat.
The river rat is almost dead.
You hit the river rat.
You kill the river rat!
The rat twitches its whiskers.
You have reached level 4!
You feel agile.
You hit the river rat.
You bite the river rat, but do no damage.
The river rat is heavily wounded.
The river rat bites you.
* * * LOW HITPOINT WARNING * * *
You hit the river rat but do no damage.
The river rat is heavily wounded.
You closely miss the river rat.
The river rat is heavily wounded.
The river rat barely misses you.
You completely miss the river rat.
The river rat is heavily wounded.
You hit the river rat but do no damage. Your bite misses the river rat.
The river rat is heavily wounded.
The river rat bites you but does no damage.
Your scale mail prevents you from hitting the river rat.
The river rat is heavily wounded.
The river rat bites you but does no damage.
You hit the river rat but do no damage.
The river rat is heavily wounded.
You closely miss the river rat.
The river rat is heavily wounded.
The river rat bites you.
* * * LOW HITPOINT WARNING * * *
You hit the river rat. You bite the river rat.
The river rat is severely wounded.
You hit the river rat but do no damage.
The river rat is severely wounded.
The river rat bites you!
You die...

###
#.#
#.#
#†#
#@#
#r#
#r#
#∩#
#.#
#.#
#.#
#.#
#.#


You could see a river rat and a rat.

Vanquished Creatures
  A hound (D:4)
  3 river rats
  A ball python (D:4)
  A giant cockroach (D:4)
  A goblin (D:4)
  A quokka (D:4)
  A kobold (D:4)
  A rat (Sewer)
10 creatures vanquished.

Notes
Turn   | Place    | Note
-------+----------+-------------------------------------------
     0 | D:5      | Reached skill level 9 in Stealth
     0 | D:5      | flotson the Gnoll Delver began the quest for the Orb.
     0 | D:5      | Reached XP level 1. HP: 23/23 MP: 1/1
    22 | D:5      | Noticed an ogre
    96 | D:4      | Noticed a hound
   115 | D:4      | Killed a hound
   116 | D:4      | Reached XP level 2. HP: 11/29 MP: 2/2
   116 | D:4      | Reached XP level 3. HP: 13/35 MP: 3/3
   449 | D:4      | Found a glowing drain.
   456 | D:4      | Reached skill level 1 in Invocations
   460 | Sewer    | Entered a sewer
   471 | Sewer    | Reached skill level 1 in Short Blades
   471 | Sewer    | Reached skill level 1 in Long Blades
   471 | Sewer    | Reached skill level 1 in Axes
   471 | Sewer    | Reached skill level 1 in Maces & Flails
   471 | Sewer    | Reached skill level 1 in Staves
   471 | Sewer    | Reached skill level 1 in Slings
   471 | Sewer    | Reached skill level 1 in Bows
   471 | Sewer    | Reached skill level 1 in Crossbows
   471 | Sewer    | Reached skill level 1 in Throwing
   471 | Sewer    | Reached skill level 1 in Armour
   471 | Sewer    | Reached skill level 1 in Shields
   471 | Sewer    | Reached skill level 1 in Unarmed Combat
   471 | Sewer    | Reached skill level 1 in Spellcasting
   471 | Sewer    | Reached skill level 1 in Evocations
   495 | Sewer    | Reached XP level 4. HP: 12/41 MP: 5/5
   504 | Sewer    | Slain by a river rat

Illustrated notes

Levels and vault maps discovered:
D:4:      layout_loops_ring, serial_shops, shop, gup_sewer_entry_bubbles,
          palyth_stone_intersect, uniq_duvessa
D:5:      layout_loops_ring, lemuel_zombie_altar_yredelemnul, uniq_sigmund
Sewer:    sewer_kobolds

Skill      XL: |  1  2  3 |
---------------+----------+-----
Stealth        | |  9.5
Invocations    | 1 |  1.1
Short Blades   | 1 |  1.0
Long Blades    | 1 |  1.0
Axes           | 1 |  1.0
Maces & Flails | 1 |  1.0
Staves         | 1 |  1.0
Slings         | 1 |  1.0
Bows           | 1 |  1.0
Crossbows      | 1 |  1.0
Throwing       | 1 |  1.0
Armour         | 1 |  1.0
Shields        | 1 |  1.0
Unarmed Combat | 1 |  1.0
Spellcasting   | 1 |  1.0
Evocations     | 1 |  1.0
Fighting       | |  6.5
Polearms       | |  4.6
Dodging        | |  4.6
Conjurations   | |  0.7
Hexes          | |  0.7
Summonings     | |  0.7
Necromancy     | |  0.7
Translocations | |  0.7
Transmutations | |  0.7
Fire Magic     | |  0.7
Ice Magic      | |  0.7
Air Magic      | |  0.7
Earth Magic    | |  0.7
Poison Magic   | |  0.7

Action                   |  1- 3 |  4- 6 || total
-------------------------+-------+-------++-------
Melee: Spear             |    66 |    10 ||    76
       Bite              |     3 |     2 ||     5
Evoke: Wand              |     1 |       ||     1
  Use: Scroll            |     1 |       ||     1
       Potion            |     1 |       ||     1
 Stab: Sleeping          |     2 |       ||     2
Armor: Scale mail        |    11 |     2 ||    13
Dodge: Dodged            |    20 |     1 ||    21

Table legend: (Time is in decaauts)
 A = Elapsed time spent in this place.
 B = Non-inter-level travel time spent in this place.
 C = Inter-level travel time spent in this place.
 D = Time resting spent in this place.
 E = Time spent auto-exploring this place.
 F = Levels seen in this place.
 G = Mean time per level.
                   A        B        C        D        E       F      G
               +--------+--------+--------+--------+--------+-----+--------+
         Total |    485 |    481 |      4 |      0 |    288 |   3 |  161.7 |
       Dungeon |    460 |    456 |      4 |      0 |    288 |   2 |  230.0 |
         Sewer |     25 |     25 |      0 |      0 |      0 |   1 |   25.0 |
               +--------+--------+--------+--------+--------+-----+--------+

Top non-repeatable levels by time:
     D:4: 404 daAuts
     D:5: 56 daAuts
   Sewer: 25 daAuts
